 Dungeon Crawl Stone Soup version 0.16.1-25-gbcee3f8 (webtiles) character file.

19 drack the Magician (level 2, -1/19 HPs)
             Began as a Mummy Wizard on May 22, 2015.
             Slain by a hobgoblin (5 damage)
             ... on level 1 of the Dungeon.
             The game lasted 00:09:40 (715 turns).

drack the Magician (Mummy Wizard)                    Turns: 715, Time: 00:09:40

Health: -1/19      AC:  2    Str: 10    XL:     2   Next: 55%
Magic:  0/6        EV: 12    Int: 17    God:
Gold:   32         SH:  0    Dex: 10    Spells: 1 memorised, 7 levels left

rFire  x . .     SeeInvis .     y - +0 hunting sling (curse)
rCold  + . .     Clarity  .     a - +0 robe
rNeg   + + +     SustAb   .     (no shield)
rPois  ∞         Gourm    .     b - +0 hat
rElec  .         Spirit   .     (no cloak)
rCorr  .         Warding  .     (no gloves)
rMut   .         Stasis   .     (no boots)
MR     .....                    (no amulet)
Stlth  ++........               (no ring)
                                (no ring)

@: very slightly contaminated, not resistant to hostile enchantments, unstealthy
A: no food or potions, fire vulnerability, restore body, cold resistance 1,
negative energy resistance 3, poison resistance, torment resistance, unbreathing
a: no special abilities


You were on level 1 of the Dungeon.
You were not hungry.

You visited 1 branch of the dungeon, and saw 1 of its levels.

You collected 32 gold pieces.

Inventory:

Hand weapons
 i - a +0 dagger
 j - a +0 short sword
 k - a +0 club
 m - a +0 dagger
 u - a cursed -2 club
 y - a cursed +0 hunting sling (weapon)
Missiles
 r - 37 stones (quivered)
 t - 21 bolts
 v - 26 arrows
Armour
 a - a +0 robe (worn)
 b - a +0 hat (worn)
 n - a +0 leather armour
 o - a +0 chain mail
 A - a +0 ring mail
Jewellery
 h - an uncursed amulet of stasis {unknown}
 w - an uncursed ring of ice
Scrolls
 d - 2 scrolls of identify
 e - a scroll of remove curse {unknown}
 g - 2 scrolls of random uselessness {unknown}
 x - a scroll of fog {unknown}
Potions
 l - a potion of restore abilities {unknown}
 q - a potion of heal wounds {unknown}
 z - a potion of curing {unknown}
Books
 c - a book of Minor Magic

   Spells                             Type                      Level
   a - Magic Dart                     Conjuration                  1
   b - Blink                          Translocation                2
   c - Call Imp                       Summoning                    2
   d - Repel Missiles                 Charms/Air                   2
   e - Slow                           Hexes                        2
   f - Conjure Flame                  Conjuration/Fire             3
   g - Mephitic Cloud                 Conjuration/Poison/Air       3
Comestibles
 f - a chunk of flesh
 p - a slice of pizza
 s - 2 poisonous chunks of flesh


   Skills:
 + Level 1.7 Dodging
 + Level 1.8 Stealth
 + Level 3.5 Spellcasting
 + Level 0.8 Conjurations
   Level 0.7 Summonings
   Level 0.7 Translocations


You had 7 spell levels left.
You knew the following spells:

 Your Spells              Type           Power        Failure   Level  Hunger
a - Magic Dart            Conj           #...         14%         1    N/A

Dungeon Overview and Level Annotations

Branches:
Dungeon (1/15)

Altars:


Innate Abilities, Weirdness & Mutations

You do not eat or drink.
Your flesh is vulnerable to fire.
Your flesh is cold resistant.
You are immune to negative energy.
Your system is resistant to poisons.
You are immune to unholy pain and torment.
You can survive without breathing.


Message History

[Y]es or [N]o only, please.
Really attack while wielding your cursed +0 hunting sling? [Y]es or [N]o only, please.
Really attack while wielding your cursed +0 hunting sling? [Y]es or [N]o only, please.
Really attack while wielding your cursed +0 hunting sling?
You barely miss the hobgoblin.
The hobgoblin is heavily wounded.
The bat hits you but does no damage. The hobgoblin barely misses you.
You closely miss the hobgoblin.
The hobgoblin is heavily wounded.
The bat hits you but does no damage. The hobgoblin hits you.
The hobgoblin hits you.
* * * LOW HITPOINT WARNING * * *
You barely miss the hobgoblin.
The hobgoblin is heavily wounded.
The bat hits you.
* * * LOW HITPOINT WARNING * * *
The hobgoblin hits you.
You die...

###...# #........#
#...###........#
###..##........#
##...........#
##...###....# ##########
##..#⌠#....# #........#
##.###....#
#........#####........##
#......@g...####.###.>..
#........##..###.####...
#......b...#............
#........#...###########
############÷####
#....#### ##......###
#.......... #......####


You could see a hobgoblin and a bat.

Vanquished Creatures
  A giant mite (D:1)
  A giant gecko (D:1)
  3 goblins (D:1)
  2 hobgoblins (D:1)
  A ball python (D:1)
  2 bats (D:1)
  2 kobolds (D:1)
  A rat (D:1)
13 creatures vanquished.

Notes
Turn   | Place    | Note
--------------------------------------------------------------
     0 | D:1      | drack, the Mummy Wizard, began the quest for the Orb.
     0 | D:1      | Reached XP level 1. HP: 13/13 MP: 4/4
   140 | D:1      | Reached XP level 2. HP: 19/19 MP: 0/6
   715 | D:1      | Slain by a hobgoblin

Action                   || total
-------------------------++-------
Melee: Hunting sling     ||     3
 Cast: Magic Dart        ||    35
  Use: Scroll            ||     1
